 Dungeon Crawl Stone Soup version 0.31.0-12-g77e489cdc1 (webtiles) character file.

Game seed: 14751610889114035708

646 Killerpretzel the Changeling (level 7, -6/46 HPs)
             Began as an Octopode Shapeshifter on Feb 24, 2024.
             Was an Initiate of Vehumet.
             Mangled by an ice beast (9 damage)
             ... on level 5 of the Dungeon.
             The game lasted 00:07:19 (4332 turns).

Killerpretzel the Changeling (OpSh)                 Turns: 4332, Time: 00:07:19

Health: -6/46      AC:  1    Str: 14    XL:     7   Next: 52%
Magic:  7/7        EV: 13    Int: 12    God:    Vehumet [......]
Gold:   208        SH:  5    Dex: 13    Spells: 6/6 levels left

rFire   . .          .
                       - Unarmed
rCold   . . .        q - +1 buckler
rNeg    . . .        (helmet currently unavailable)
rPois   .            l - amulet of regeneration
rElec   .            (no ring)
rCorr   .            (no ring)
SInv    .            (no ring)
Will    .....        (no ring)
Stlth   ++           (no ring)
HPRegen 1.07/turn    (no ring)
MPRegen 0.10/turn    (no ring)
                     (no ring)

%: no passive effects
@: beast-form
A: beast (slay +3), almost no armour, amphibious, 8 rings, camouflage 1,
gelatinous body 1, (nimble swimmer 1), tentacles
a: Begin Untransformation, Renounce Religion


You were on level 5 of the Dungeon.
You worshipped Vehumet.
Vehumet was noncommittal.
You were a hulking beast.
You visited 1 branch of the dungeon, and saw 5 of its levels.

You collected 208 gold pieces.

Inventory:

Armour
 q - a +1 buckler (worn)
Jewellery
 f - an amulet of guardian spirit
 g - an amulet of the acrobat
 l - an amulet of regeneration (around mantle)
Talismans
 b - a beast talisman
 k - a maw talisman
 r - a flux talisman
Wands
 j - a wand of roots (12)
Scrolls
 a - a scroll of fear
 c - a scroll of identify
 m - a scroll of blinking
Potions
 d - 3 potions of resistance
 e - a potion of heal wounds
 h - 2 potions of attraction
 i - 2 potions of haste
 n - a potion of degeneration {unknown}
 o - a potion of might {unknown}


   Skills:
 + Level 3.3 Fighting
 + Level 3.8 Dodging
 + Level 1.9 Shields
 + Level 4.4 Unarmed Combat
 * Level 5.3 Shapeshifting


You had 6 spell levels left.
You didn't know any spells.
Your spell library was empty.

Dungeon Overview and Level Annotations

Branches:
Dungeon (5/15)
 Temple: D:4-7

Altars:
Ashenzari
Elyvilon
Fedhas
Hepliaklqana
Kikubaaqudgha
Makhleb
Okawaru
Sif Muna
Vehumet


Innate Abilities, Weirdness & Mutations

You are a hulking beast.
Your limbs bulge with bestial killing power. (Slay +3)
You cannot wear most types of armour.
You are amphibious.
You can wear up to eight rings at the same time.
Your skin changes colour to match your surroundings (Stealth+).
Your rubbery body absorbs attacks. (AC +1, EV +1)
((You are camouflaged when in or above water. (Stealth+)))
You have tentacles for arms and can constrict up to eight enemies at once.


Message History

No target in view!
No target in view!
No target in view!
No target in view!
n - a viscous inky potion No target in view!
No target in view!
No target in view!
No target in view!
No target in view!
No target in view!
No target in view!
No target in view!
No target in view!
No target in view!
You now have 208 gold pieces (gained 9).
You see here a +0 morningstar.
An ice beast comes into view.
The ice beast closely misses you.
You closely miss the ice beast. Your squeeze misses the ice beast.
The ice beast hits you. The ice beast freezes you!
You tentacle-slap the ice beast. You squeeze the ice beast.
The ice beast is heavily wounded.
The ice beast hits you. The ice beast freezes you!
You tentacle-slap the ice beast. You squeeze the ice beast.
The ice beast is almost dead.
You block the ice beast's attack.
You closely miss the ice beast.
The ice beast is almost dead.
The ice beast hits you. The ice beast freezes you!
You tentacle-slap the ice beast.
The ice beast is almost dead.
The ice beast hits you. The ice beast freezes you!
* * * LOW HITPOINT WARNING * * *
You tentacle-slap the ice beast.
The ice beast is almost dead.
The ice beast hits you.
* * * LOW HITPOINT WARNING * * *
The ice beast freezes you!
You die...

#..# ># #..# #.#
#..# #.# ####)#
..#.# # #.#.#
#.#.#.#####.#
#.Yh..>.....#
###.#.######
...#.#
#######.######.#
.......).......#
#######+.######
#.......#
#.......####
#............


You could see an ice beast.

Vanquished Creatures
  Eustachio (D:4)
  A sky beast (D:3)
  A scorpion (D:5)
  2 bombardier beetles (D:4)
  A hound (D:4)
  A jelly (D:4)
  A sleepcap (D:3)
  Robin (D:4)
  8 gnolls
  3 adders
  2 dart slugs
  2 ribbon worms
  4 orcs
  7 endoplasms
  A giant cockroach (D:3)
  11 hobgoblins
  6 jackals
  4 quokkas
  2 ball pythons (D:3)
  6 bats
  3 frilled lizards
  13 goblins
  4 kobolds
  6 rats
91 creatures vanquished.

Notes
Turn   | Place    | Note
-------+----------+-------------------------------------------
     0 | D:1      | Killerpretzel the Octopode Shapeshifter began the quest for
                  | the Orb.
     0 | D:1      | Reached XP level 1. HP: 13/13 MP: 1/1
   232 | D:1      | Reached XP level 2. HP: 16/18 MP: 2/2
   595 | D:1      | Reached XP level 3. HP: 17/23 MP: 3/3
  1093 | D:2      | Found a white marble altar of Elyvilon.
  1545 | D:3      | Noticed a sky beast
  1565 | D:3      | Killed a sky beast
  1566 | D:3      | Reached skill level 4 in Shapeshifting
  1566 | D:3      | Reached XP level 4. HP: 29/29 MP: 4/4
  1566 | D:3      | Reached XP level 5. HP: 34/34 MP: 5/5
  1758 | D:3      | Found a burning altar of Makhleb.
  1760 | D:3      | Noticed a green death
  1764 | D:3      | Noticed a neqoxec
  1764 | D:3      | Noticed an orange demon
  1808 | D:3      | Identified the +1 pair of boots of Past Mistakes {rElec
                  | Will+ Int+3}
  3287 | D:4      | Reached XP level 6. HP: 38/41 MP: 6/6
  3417 | D:4      | Noticed Eustachio
  3568 | D:4      | Reached skill level 1 in Shields
  3650 | D:4      | Noticed Robin
  3771 | D:4      | Killed Robin
  3836 | D:4      | Killed Eustachio
  3837 | D:4      | Reached skill level 5 in Shapeshifting
  3837 | D:4      | Reached XP level 7. HP: 36/46 MP: 7/7
  3962 | D:4      | Found a hazy altar of Hepliaklqana.
  3962 | D:4      | Found an iron altar of Okawaru.
  4016 | D:4      | Found an ancient bone altar of Kikubaaqudgha.
  4016 | D:4      | Found a blossoming altar of Fedhas.
  4017 | D:4      | Found a radiant altar of Vehumet.
  4018 | D:4      | Found a broken altar of Ashenzari.
  4021 | D:4      | Found a shimmering blue altar of Sif Muna.
  4024 | D:4      | Became a worshipper of Vehumet
  4117 | D:5      | Entered Level 5 of the Dungeon
  4332 | D:5      | Mangled by an ice beast

Illustrated notes

Levels and vault maps discovered:
D:1:      dpeg_arrival_chambers_temple_mockup, layout_basic, st_stairs_12
D:2:      layout_rooms, basic_altar
D:3:      minmay_skewed_foursquare, layout_basic, makhleb_altar_promises_db
D:4:      layout_cave_pools, gammafunk_temple_overflow_pools, minitemple,
          nicolae_letterblocks [nicolae_letter_subblock,
          nicolae_letter_subblock, nicolae_letter_subblock,
          nicolae_letter_subblock, nicolae_letter_subblock,
          nicolae_letter_subblock, nicolae_letter_subblock,
          nicolae_letter_subblock, nicolae_letter_subblock,
          nicolae_letter_subblock, nicolae_letter_subblock,
          nicolae_letter_subblock, nicolae_letter_subblock,
          nicolae_letter_subblock, nicolae_letter_subblock,
          nicolae_letter_subblock, nicolae_letter_subblock,
          nicolae_letter_subblock, nicolae_letter_subblock,
          nicolae_letter_subblock, nicolae_letter_subblock,
          nicolae_letter_subblock, nicolae_letter_subblock,
          nicolae_letter_subblock, nicolae_letter_subblock], uniq_robin,
          uniq_eustachio
D:5:      layout_basic, nemelex_dance_club_becter, serial_aquarium,
          aquarium_bridge_long_joined [aquarium_subvault_wall,
          aquarium_subvault_balcony, aquarium_subvault_window,
          aquarium_subvault_balcony, aquarium_subvault_bridge,
          aquarium_subvault_bridge], aquarium_window_3, aquarium_window_1,
          aquarium_window_corner, aquarium_window_fake, aquarium_view_2e,
          aquarium_view_2a, aquarium_pool_five

Skill      XL: |  1  2  3  4  5  6 |
---------------+-------------------+-----
Fighting       | 2 3 |  3.3
Shapeshifting  | 4 5 |  5.3
Dodging        | 3 |  3.8
Unarmed Combat | 4 |  4.4
Shields        | 1 |  1.9

Action                     |  1- 3 |  4- 6 |  7- 9 || total
---------------------------+-------+-------+-------++-------
  Melee: Unarmed           |    81 |    87 |    27 ||   195
         Constrict         |    16 |    22 |     7 ||    45
         Tentacles         |    10 |    22 |     8 ||    40
         Punch             |     1 |     5 |       ||     6
  Throw: Boomerang         |       |    39 |       ||    39
    Use: Scroll            |     2 |     9 |     3 ||    14
         Potion            |     1 |     1 |       ||     2
   Stab: Sleeping          |     6 |     4 |     1 ||    11
 Armour: Skin              |    40 |    27 |    16 ||    83
  Dodge: Dodged            |    36 |    40 |    10 ||    86
  Block: Buckler           |       |     9 |     8 ||    17
